Map: Royal Blood LE

Players

筆蓋 - Winner!

  • Race: Protoss Protoss
  • Spawn Location: 7:00

winzboy

  • Race: Protoss Protoss
  • League: Gold
  • Spawn Location: 1:00

VOD

Have the link to the VOD?

Description

Time

  • Played on: May 26, 2023, 11:52 p.m.
  • Length: 8:12
Show
View Real Time Build Order
Export as new Build Order

筆蓋 Protoss - Winner!

Build Orders: 1 Gate Expand, Blink Stalkers 

Get SALT Encoding   

  12  0:02  Probe  
  13  0:14  Probe  
  13  0:18  Pylon  
  14  0:27  Probe  
  15  0:39  Probe (Chrono Boost), Gateway  
  16  0:51  Probe (Chrono Boost)  
  16  0:55  Assimilator  
  17  1:01  Probe (Chrono Boost)  
  18  1:14  Probe  
  19  1:26  Probe  
  20  1:33  Nexus  
  20  1:38  Probe  
  21  1:44  Cybernetics Core  
  21  1:55  Probe, Pylon  
  22  2:03  Assimilator  
  22  2:16  Probe  
  22  2:19  Adept (Chrono Boost)  
  22  2:20  Warp Gate  
  25  2:33  Twilight Council  
  25  2:34  Probe  
  26  2:42  Adept  
  28  2:47  Probe x2  
  29  2:59  Probe x2  
  31  3:07  Pylon  
  31  3:11  Probe x2  
  31  3:12  Robotics Facility  
  33  3:28  Probe x2, Blink (Chrono Boost)  
  35  3:38  Gateway  
  35  3:40  Gateway  
  35  3:41  Probe  
  36  4:00  Probe x2  
  36  4:12  Probe x2  
  36  4:13  Stalker  
  40  4:23  Gateway, Observer  
  41  4:24  Probe  
  41  4:28  Probe  
  43  4:33  Assimilator  
  43  4:35  Assimilator  
  43  4:37  Probe, Gateway  
  44  4:49  Warp Prism  
  44  4:51  Nexus  
  46  5:02  Probe x2  
  48  5:14  Probe  
  49  5:15  Probe  
  50  5:26  Pylon, Shield Battery  
  50  5:31  Shield Battery  
  50  5:34  Pylon  
  50  5:37  Stalker x2  
  54  5:45  Gateway  
  54  5:49  Immortal  
  58  6:04  Stalker  
  58  6:05  Stalker x4  
  68  6:15  Forge  
  68  6:21  Shield Battery  
  68  6:30  Stalker x4  
  68  6:32  Stalker  
  78  6:37  Probe x2  
  78  6:38  Probe  
  81  6:42  Stalker  
  83  6:50  Probe  
  84  7:03  Pylon  
  84  7:05  Pylon  
  84  7:06  Pylon  
  84  7:26  Sentry  
  84  7:27  Stalker x4  
  84  7:29  Stalker  
  89  7:58  Stalker x6  
Show
View Real Time Build Order
Export as new Build Order

winzboy Protoss 

Build Orders:  

Get SALT Encoding   

  12  0:01  Probe  
  13  0:17  Pylon  
  13  0:27  Probe  
  14  0:39  Probe (Chrono Boost)  
  14  0:40  Gateway  
  15  0:45  Assimilator  
  16  0:51  Probe (Chrono Boost)  
  16  0:59  Probe (Chrono Boost)  
  17  1:10  Probe  
  18  1:22  Probe  
  19  1:31  Cybernetics Core  
  19  1:35  Probe  
  20  1:46  Nexus  
  20  1:49  Probe  
  21  1:57  Pylon  
  21  2:02  Assimilator  
  21  2:05  Warp Gate (Chrono Boost)  
  21  2:18  Adept  
  23  2:33  Probe (Chrono Boost)  
  24  2:43  Probe (Chrono Boost)  
  25  2:48  Probe (Chrono Boost)  
  26  2:59  Probe x2  
  28  3:09  Robotics Facility  
  28  3:11  Probe (Chrono Boost), Gateway  
  30  3:12  Gateway  
  30  3:14  Probe (Chrono Boost)  
  30  3:20  Pylon  
  30  3:22  Stalker (Chrono Boost)  
  30  3:23  Probe (Chrono Boost)  
  32  3:45  Shield Battery  
  32  3:46  Probe x2  
  31  3:58  Probe, Stalker  
  31  4:01  Probe  
  33  4:10  Probe  
  33  4:13  Probe  
  35  4:22  Probe  
  35  4:23  Stalker  
  35  4:24  Stalker  
  40  4:25  Probe  
  41  4:32  Assimilator  
  41  4:34  Probe  
  41  4:35  Assimilator  
  41  4:37  Probe (Chrono Boost), Pylon  
  43  4:39  Pylon  
  43  4:46  Probe (Chrono Boost)  
  43  4:50  Probe (Chrono Boost), Robotics Facility  
  45  4:57  Probe (Chrono Boost)  
  45  4:59  Stalker x2  
  50  5:07  Probe x2  
  52  5:20  Observer  
  53  5:24  Stalker x2  
  53  5:25  Stalker  
  59  5:36  Pylon  
  59  5:43  Twilight Council  
  59  5:45  Pylon  
  59  5:51  Pylon  
  59  6:01  Pylon  
  59  6:10  Probe  
  60  6:15  Gateway  
  60  6:17  Gateway, Observer  
  61  6:19  Gateway  
  61  6:23  Gateway  
  61  6:26  Charge (Chrono Boost)  
  61  6:29  Gateway  
  65  6:32  Immortal  
  65  6:36  Gateway  
  65  6:38  Probe  
  66  6:52  Stalker  
  66  6:53  Stalker x2  
  66  7:11  Stalker  
  66  7:12  Immortal, Stalker  
  74  7:24  Pylon  
  74  7:29  Pylon, Stalker x2  
  78  7:30  Stalker x2  
  78  7:32  Pylon  
  60  7:57  Pylon  
Tags
 
Composition
Blink Stalkers
League
Gold
Matchup
PvP
Replay Pack
Multiplayer
Spawn Locations
Cross Positions
Add a new tag
Caveats
  • Supply blocks, unpowered buildings, or Contaminate may cause inaccurate times.
  • Supply counts are checked every 10 seconds.